 Dungeon Crawl Stone Soup version 0.30-a0-627-gc11e7ae810 (webtiles) character file.

Game seed: 8814279334785097949

5390 Caratheodory the Grappler (level 10, -1/72 HPs)
             Began as an Octopode Cinder Acolyte on Jan 12, 2023.
             Was an Elder of Ignis.
             Slain by a hornet (3 damage)
             ... on level 9 of the Dungeon.
             The game lasted 00:34:04 (10904 turns).

Caratheodory the Grappler (OpCA)                   Turns: 10904, Time: 00:34:05

Health: -1/72      AC: 12    Str: 13    XL:     10   Next: 66%
Magic:  0/14       EV: 15    Int: 20    God:    Ignis [****..]
Gold:   1049       SH:  0    Dex:  9    Spells: 13/15 levels left

rFire   + . .      SeeInvis .      - Unarmed
rCold   . . .      Faith    .    (no shield)
rNeg    . . .      Spirit   +    (helmet restricted)
rPois   .          Reflect  .    q - amulet of guardian spirit
rElec   .          Harm     .    a - ring of resist corrosion
rCorr   +          Rampage  .    v - ring of wizardry
Will    .....                    y - +4 ring of protection
Stlth   ++                       (no ring)
HPRegen 0.32/turn                (no ring)
MPRegen 0.14/turn                (no ring)
                                 (no ring)
                                 (no ring)

@: lethally poisoned (-1 -> -6), fiery-armoured, slowed, very slow
A: almost no armour, amphibious, 8 rings, camouflage 1, gelatinous body 1,
(nimble swimmer 1), tentacles
a: Renounce Religion, Fiery Armour, Foxfire Swarm, Rising Flame


You were on level 9 of the Dungeon.
You worshipped Ignis.
Ignis was greatly pleased with you.
You visited 2 branches of the dungeon, and saw 10 of its levels.
You also visited: Bailey.

You collected 1244 gold pieces.
You spent 195 gold pieces at shops.

Inventory:

Missiles
 l - 12 poisoned darts (quivered)
 n - 11 boomerangs
 D - 6 curare-tipped darts
Jewellery
 a - a ring of resist corrosion (left tentacle)
 f - a ring of fire
 q - an amulet of guardian spirit (around mantle)
 v - a ring of wizardry (right tentacle)
 y - a +4 ring of protection (on tentacle)
Wands
 h - a wand of roots (9)
 A - a wand of mindburst (5)
 G - a wand of charming (1)
 J - a wand of flame (10)
Scrolls
 c - 3 scrolls of fog
 d - 2 scrolls of butterflies {unknown}
 e - 3 scrolls of poison {unknown}
 i - 2 scrolls of magic mapping
 j - 5 scrolls of teleportation
 k - a scroll of vulnerability {unknown}
 p - 2 scrolls of torment
 s - a scroll of immolation {unknown}
 t - 2 scrolls of enchant armour
 B - a scroll of brand weapon {unknown}
 E - a scroll of blinking {unknown}
 H - 2 scrolls of fear {unknown}
 K - a scroll of enchant weapon {unknown}
Potions
 b - 2 potions of might
 g - 2 potions of invisibility
 m - 4 potions of heal wounds
 o - 5 potions of curing
 r - 2 potions of lignification {unknown}
 u - a potion of cancellation {unknown}
 w - 3 potions of mutation {unknown}
 x - 2 potions of haste
 z - a potion of attraction {unknown}
 C - 5 potions of flight
 F - a potion of berserk rage
 I - a potion of resistance {unknown}


   Skills:
 + Level 8.2 Fighting
 + Level 7.5 Dodging
 + Level 8.3 Unarmed Combat
 - Level 3.0 Spellcasting
 - Level 3.0 Fire Magic
 + Level 7.4 Air Magic


You had 13 spell levels left.
You knew the following spells:

 Your Spells              Type           Power      Damage    Failure   Level
a - Scorch                Fire           30%        2d7       2%          2

Your spell library contained the following spells:

 Spells                   Type           Power      Damage    Failure   Level
 Gell's Gravitas          Tloc           3%         N/A       16%         3
 Lesser Beckoning         Tloc           6%         N/A       16%         3
 Teleport Other           Tloc           3%         N/A       16%         3


Dungeon Overview and Level Annotations

Branches:
Dungeon (9/15)             Temple (1/1) D:6          Bailey (visited)
   Lair: D:8-11         Orc: D:9-12

Altars:
Ashenzari
Cheibriados
Dithmenos
Elyvilon
Fedhas
Gozag
Hepliaklqana
Kikubaaqudgha
Makhleb
Nemelex Xobeh
Okawaru
Qazlal
Ru
Sif Muna
Trog
Uskayaw
Vehumet
Wu Jian
Yredelemnul
Zin
The Shining One

Shops:
D:8 !

Annotations:
D:9 Grum


Innate Abilities, Weirdness & Mutations

You cannot wear most types of armour.
You are amphibious.
You can wear up to eight rings at the same time.
Your skin changes colour to match your surroundings (Stealth+).
Your rubbery body absorbs attacks. (AC +1, EV +1)
((You are camouflaged when in or above water. (Stealth+)))
You have tentacles for arms and can constrict up to eight enemies at once.


Message History

You are more poisoned.
You feel yourself slow down.
Grum the Hunter comes into view.
He is wielding a -1 spear.
You feel very sick.
The hornet is no longer more vulnerable to fire.
The hornet stings you!
You feel as though you will be slow longer.
The wolf bites you!
You feel very sick.
Grum growls angrily.
The hornet stings you.
You feel as though you will be slow longer.
The wolf bites you. The hornet stings you!
* * * LOW HITPOINT WARNING * * *
You feel as though you will be slow longer.
The wolf bites you!
* * * LOW HITPOINT WARNING * * *
You can move again.
You feel better. The hornet stings you!
* * * LOW HITPOINT WARNING * * *
You are poisoned.
You feel as though you will be slow longer.
The wolf bites you but does no damage. The hornet closely misses you.
The wolf barely misses you.
Aiming: Charm
Press: ? - help, Q - select action, (/) - cycle Shift-Dir - straight line
Okay, then.
A protective cloak of flame settles atop you.
* * * LOW HITPOINT WARNING * * *
You feel very sick. The wolf bites you.
* * * LOW HITPOINT WARNING * * *
The wolf is burned by your cloak of flames.
The wolf is lightly wounded.
The hornet closely misses you. The wolf bites you.
* * * LOW HITPOINT WARNING * * *
The wolf is burned by your cloak of flames.
The wolf is lightly wounded.
The hornet stings you.
You die...

#..
#.........##
#.. #.........#
#.........#
#........[#
#.........#
#.........#
..##>........#
.............#
..#....@.....#
#....yh....#
#..............
#...g..........
#.......$..##..
#..........# .
#.......##.#
#.......# .#


You could see Grum, a hornet and a wolf.

Vanquished Creatures
  A two-headed ogre (D:8)
  2 wyverns
  An acid dragon (D:8)
  12 orc warriors
  An ice beast (D:6)
  2 ogres
  3 sky beasts
  2 centaurs (D:8)
  4 phantoms (D:5)
  4 bullfrogs
  A necrophage (D:7)
  5 scorpions
  9 wights
  A howler monkey (D:7)
  7 hounds
  4 jellies
  5 orc priests
  A gnoll bouda (D:8)
  3 iguanas
  9 orc wizards
  9 gnolls
  10 adders
  3 white imps
  2 ufetubi
  A worm (D:3)
  A dart slug (D:3)
  42 orcs
  7 endoplasms
  A giant cockroach (D:1)
  11 hobgoblins
  12 jackals
  5 quokkas
  12 ball pythons
  A bat (D:1)
  2 frilled lizards
  8 goblins
  12 kobolds
  4 rats
220 creatures vanquished.

Vanquished Creatures (others)
  A wight (D:8)
  38 foxfires
39 creatures vanquished.

Grand Total: 259 creatures vanquished

Notes
Turn   | Place    | Note
-------+----------+-------------------------------------------
     0 | D:1      | Caratheodory the Octopode Cinder Acolyte began the quest
                  | for the Orb.
     0 | D:1      | Reached XP level 1. HP: 16/16 MP: 2/2
    70 | D:1      | Reached XP level 2. HP: 19/21 MP: 3/3
   805 | D:2      | Reached XP level 3. HP: 22/26 MP: 5/5
   836 | D:2      | Learned a level 2 spell: Scorch
   894 | D:2      | Reached skill level 1 in Dodging
   894 | D:2      | Reached skill level 1 in Air Magic
  1318 | D:3      | Reached XP level 4. HP: 21/31 MP: 6/6
  1735 | D:3      | Reached XP level 5. HP: 36/36 MP: 3/8
  2253 | D:4      | Reached XP level 6. HP: 43/43 MP: 4/9
  3549 | D:5      | Entered Level 5 of the Dungeon
  3651 | D:5      | Reached XP level 7. HP: 47/48 MP: 8/11
  3937 | D:5      | Found an ancient bone altar of Kikubaaqudgha.
  4076 | D:5      | Found a hide-covered altar of Uskayaw.
  4079 | D:5      | Found a hazy altar of Hepliaklqana.
  4087 | D:5      | Found a glowing golden altar of the Shining One.
  4087 | D:5      | Found a basalt altar of Yredelemnul.
  4182 | D:5      | Found a stormy altar of Qazlal.
  4280 | D:5      | Reached skill level 5 in Unarmed Combat
  4366 | D:5      | Reached XP level 8. HP: 50/54 MP: 10/12
  4440 | D:5      | Reached skill level 5 in Fighting
  5845 | D:6      | Found a staircase to the Ecumenical Temple.
  5859 | Temple   | Entered the Ecumenical Temple
  5964 | D:6      | Reached skill level 5 in Dodging
  6014 | D:6      | Reached skill level 5 in Air Magic
  6190 | D:6      | Reached XP level 9. HP: 62/62 MP: 8/13
  6326 | D:7      | Found a flagged portal.
  6415 | Bailey   | Entered a bailey
  6587 | Bailey   | HP: 3/62 [orc warrior/+0 war axe (13)]
  8827 | D:7      | Found a runed translucent door.
  8887 | D:7      | Reached XP level 10. HP: 58/71 MP: 10/14
 10141 | D:8      | Found Kyx Gagry's Distillery.
 10146 | D:8      | Bought a potion of berserk rage for 65 gold pieces
 10146 | D:8      | Bought a potion of haste for 130 gold pieces
 10359 | D:8      | Noticed a two-headed ogre
 10405 | D:8      | Killed a two-headed ogre
 10899 | D:9      | Paralysed by a hornet for 3 turns
 10900 | D:9      | Noticed Grum
 10904 | D:9      | HP: 2/72 [wolf[Grum] (3)]
 10904 | D:9      | Slain by a hornet

Illustrated notes

Levels and vault maps discovered:
D:1:      dpeg_arrival_simpleton_c, layout_basic
D:2:      layout_rooms
D:3:      layout_rooms
D:4:      layout_layer_cave
D:5:      minmay_spotlight, layout_basic, nicolae_overflow_hallway_of_the_gods,
          amcnicky_altar_gilded
D:6:      layout_loops_corners, minmay_temple_entry_junction_2,
          chequers_serial_rivers_micro_e
D:7:      layout_layer_cave, enter_bailey_7, st_stairs_13,
          lightli_church_of_beogh
D:8:      layout_basic, serial_shops, nicolae_shop_hallway_plus
D:9:      kennysheep_spiral_hall, layout_long_grid,
          mainiacjoe_overflow_brackets, uniq_grum, uniq_harold
Temple:   eino_wide_crystal_templ

Skill      XL: |  1  2  3  4  5  6  7  8  9 10 |
---------------+-------------------------------+-----
Dodging        | 1 2 3 5 6 7 |  7.5
Air Magic      | 1 2 3 5 6 7 |  7.4
Spellcasting   | 2 3 |  3.0
Unarmed Combat | 4 5 6 7 8 |  8.3
Fighting       | 4 6 7 8 |  8.2
Fire Magic     | |  3.0

Action                   |  1- 3 |  4- 6 |  7- 9 | 10-12 || total
-------------------------+-------+-------+-------+-------++-------
Melee: Unarmed           |    73 |    99 |   220 |   108 ||   500
       Constrict         |    14 |    18 |    35 |    21 ||    88
       Tentacles         |     8 |    19 |    68 |    21 ||   116
       Punch             |       |     5 |     2 |     4 ||    11
Throw: Dart              |     2 |       |     9 |     8 ||    19
 Cast: Scorch            |     4 |    41 |   102 |    40 ||   187
Invok: Foxfire Swarm     |       |       |     1 |     1 ||     2
       Fiery Armour      |       |       |       |     1 ||     1
Evoke: Wand              |       |       |       |     2 ||     2
  Use: Potion            |       |       |     1 |     1 ||     2
       Scroll            |       |       |     7 |     1 ||     8
 Stab: Sleeping          |     3 |       |       |       ||     3
Armor: Skin              |     4 |     5 |    12 |    21 ||    42
Dodge: Dodged            |    33 |    33 |    92 |    63 ||   221

Table legend: (Time is in decaauts)
 A = Elapsed time spent in this place.
 B = Non-inter-level travel time spent in this place.
 C = Inter-level travel time spent in this place.
 D = Time resting spent in this place.
 E = Time spent auto-exploring this place.
 F = Levels seen in this place.
 G = Mean time per level.
                   A        B        C        D        E       F      G
               +--------+--------+--------+--------+--------+-----+--------+
         Total |  10853 |  10617 |    236 |    381 |   8404 |  11 |  986.6 |
       Dungeon |   9913 |   9690 |    223 |     59 |   8021 |   9 | 1101.4 |
        Temple |     64 |     51 |     13 |      0 |     39 |   1 |   64.0 |
        Bailey |    875 |    875 |      0 |    322 |    344 |   1 |  875.0 |
               +--------+--------+--------+--------+--------+-----+--------+

Top non-repeatable levels by time:
     D:7: 2303 daAuts
     D:4: 1662 daAuts
     D:6: 1461 daAuts
     D:5: 1328 daAuts
     D:8: 1068 daAuts
  Bailey: 875 daAuts
     D:3: 778 daAuts
     D:1: 744 daAuts
     D:2: 496 daAuts
     D:9: 70 daAuts
  Temple: 64 daAuts
